 Dungeon Crawl Stone Soup version 0.18-a0-1071-g9f02aef (webtiles) character file.

458 Arkorax the Skirmisher (level 7, 0/72 HPs)
             Began as a Kobold Wanderer on Jan 14, 2016.
             Slain by Pikel
             ... wielding a +0 whip of electrocution
              (14 damage)
             ... on level 4 of the Dungeon.
             The game lasted 00:04:24 (3442 turns).

Arkorax the Skirmisher (Kobold Wanderer)            Turns: 3442, Time: 00:04:24

Health: 0/72       AC: 23    Str: 11    XL:     7   Next: 27%
Magic:  7/7        EV:  3    Int:  8    God:
Gold:   127        SH:  0    Dex: 19    Spells: 0 memorised, 6 levels left

rFire  . . .     SeeInvis .     a - +2 dagger
rCold  . . .     Gourm    .     (armour currently unavailable)
rNeg   + + +     Faith    .     (shield restricted)
rPois  +         Spirit   .     (helmet currently unavailable)
rElec  .         Dismiss  .     (cloak currently unavailable)
rCorr  +         Reflect  .     (gloves currently unavailable)
SustAt .         Harm     .     (boots currently unavailable)
MR     .....     NoTele   +     (no amulet)
Stlth  +++.......               (no ring)
                                c - ring of resist corrosion

@: tree-form, not resistant to hostile enchantments, fairly stealthy
A: carnivore 3
a: no special abilities


You were on level 4 of the Dungeon.
You were full.
You were a tree.
You visited 1 branch of the dungeon, and saw 4 of its levels.

You collected 127 gold pieces.

Inventory:

Hand Weapons
 a - a +2 dagger (weapon)
Missiles
 u - 45 bolts
Armour
 e - a +0 robe
 g - a +2 pair of gloves of strength (melded)
 s - a +0 ring mail (melded)
Jewellery
 c - a ring of resist corrosion (left branch)
Scrolls
 b - 3 scrolls of blinking
 i - a scroll of random uselessness {unknown}
 j - a scroll of identify {unknown}
 n - 4 scrolls of magic mapping {unknown}
 o - 2 scrolls of teleportation {unknown}
 r - 2 scrolls of recharging {unknown}
Comestibles
 f - 2 meat rations
 k - a beef jerky
 m - a royal jelly
 p - a slice of pizza


   Skills:
 + Level 7.9 Fighting
   Level 1.0 Polearms
 + Level 5.8 Dodging
 - Level 2.6 Stealth
   Level 1.0 Shields


You had 6 spell levels left.
You didn't know any spells.

Dungeon Overview and Level Annotations

Branches:
Dungeon (4/15)
 Temple: D:4-7

Altars:
Okawaru

Annotations:
D:1 1 runed door
D:4 Pikel


Innate Abilities, Weirdness & Mutations

You are small and have problems with some larger weapons.
You are carnivorous and can eat meat at any time.


Message History

Pikel hits you but does no damage. The slave hits you but does no damage.
You hit Pikel but do no damage.
Pikel is lightly wounded.
Pikel hits you with a whip of electrocution.
The slave hits you but does no damage. Pikel hits you but does no damage.
You hit Pikel.
Pikel is lightly wounded.
Pikel barely misses you. The slave hits you.
* * * LOW HITPOINT WARNING * * *
You hit Pikel.
Pikel is lightly wounded.
Pikel hits you but does no damage. The slave hits you but does no damage.
Pikel hits you with a whip of electrocution.
* * * LOW HITPOINT WARNING * * *
You aren't carrying any items that can be evoked.
Put on which piece of jewellery? (? for menu, Esc to quit)
c - a ring of resist corrosion (left branch)
The slave hits you but does no damage. Pikel hits you but does no damage.
You are electrocuted!
You die...

###########........##
................##..#
....................#
###########..####...#
# #...#..#P.#..#P.##
# #...#).#..'..#..#
#+##...##'#..####..#
PP.#'###.......p...#
.........⌠.....K♣..#
...........#####'#[#
P#+##..#####..#..#.#
.# #.p))..'.(#.)#.#
.# #.(#)..#######.#
.####..#####.. ...
.............. ...
.............. ###.#
.............. .#


You could see Pikel (berserk) and a slave.

Vanquished Creatures
  Grinder (D:3)
  2 slaves (D:4)
  An ogre (D:4)
  The ghost of FIQ the Firebug, an amateur DrFE (D:3)
  4 adders
  2 worms (D:2)
  2 giant geckos (D:2)
  An orc (D:3)
  6 bats
  A giant cockroach (D:3)
  6 goblins
  9 hobgoblins
  3 jackals (D:3)
  10 kobolds
  2 quokkas (D:3)
  A ball python (D:2)
  A giant gecko skeleton (D:4)
  3 giant newts
  2 rats (D:2)
58 creatures vanquished.

Notes
Turn   | Place    | Note
--------------------------------------------------------------
     0 | D:1      | Arkorax the Kobold Wanderer began the quest for the Orb.
     0 | D:1      | Arkorax set off with: a +2 dagger, a scroll of blinking, a potion of curing, a potion of lignification, a +0 robe, a meat ration
     0 | D:1      | Reached XP level 1. HP: 16/16 MP: 1/1
     1 | D:1      | Found a runed door.
   219 | D:1      | Reached XP level 2. HP: 20/22 MP: 2/2
   612 | D:2      | Reached XP level 3. HP: 27/27 MP: 3/3
   696 | D:2      | Reached skill level 6 in Fighting
   985 | D:2      | Reached XP level 4. HP: 17/32 MP: 4/4
  1685 | D:3      | Noticed FIQ's ghost (amateur DrFE)
  1757 | D:3      | Killed FIQ's ghost
  1757 | D:3      | Reached XP level 5. HP: 27/37 MP: 5/5
  2100 | D:3      | Noticed Grinder
  2101 | D:3      | Found an iron altar of Okawaru.
  2106 | D:3      | Paralysed by Grinder for 2 turns
  2119 | D:3      | Killed Grinder
  2119 | D:3      | Reached skill level 7 in Fighting
  2119 | D:3      | Reached skill level 5 in Dodging
  2119 | D:3      | Reached XP level 6. HP: 15/44 MP: 6/6
  2123 | D:3      | Reached XP level 7. HP: 16/48 MP: 7/7
  3409 | D:4      | Noticed Pikel
  3442 | D:4      | Slain by Pikel

Vault maps used:
D:1:      dpeg_arrival_caged_fury, dk_noncrumbling_2
D:3:      first_bread, kennysheep_okawaru_gauntlet, uniq_grinder
D:4:      corexii_shack_village, hangedman_decor_growths, uniq_pikel

Action                   |  1- 3 |  4- 6 |  7- 9 || total
-------------------------+-------+-------+-------++-------
Melee: Dagger            |    79 |   109 |   147 ||   335
  Use: Potion            |       |     9 |     2 ||    11
 Stab: Sleeping          |     5 |     5 |     3 ||    13
       Distracted        |     1 |       |       ||     1
  Eat: Chunk             |     1 |     1 |     5 ||     7
       Meat ration       |       |     1 |       ||     1
